 Dungeon Crawl Stone Soup version 0.19.6-3-g7d5932f76a (webtiles) character file.

1 EnegeticOcto the Conjurer (level 1, 0/11 HPs)
             Began as a High Elf Conjurer on Feb 8, 2021.
             Slain by a jackal (1 damage)
             ... on level 1 of the Dungeon.
             The game lasted 00:00:34 (36 turns).

EnegeticOcto the Conjurer (High Elf Conjurer)         Turns: 36, Time: 00:00:35

Health: 0/11       AC:  2    Str:  7    XL:     1   Next: 16%
Magic:  1/4        EV: 13    Int: 18    God:
Gold:   0          SH:  0    Dex: 15    Spells: 1 memorised, 3 levels left

rFire  . . .     SeeInvis .     (no weapon)
rCold  . . .     Gourm    .     a - +0 robe
rNeg   . . .     Faith    .     (no shield)
rPois  .         Spirit   .     (no helmet)
rElec  .         Reflect  .     (no cloak)
rCorr  .         Harm     .     (no gloves)
MR     .....                    (no boots)
Stlth  ++........               (no amulet)
                                (no ring)
                                (no ring)

@: very slightly contaminated
A: no striking features
a: no special abilities


You were on level 1 of the Dungeon.
You were not hungry.

You visited 1 branch of the dungeon, and saw 1 of its levels.

Inventory:

Armour
 a - a +0 robe (worn)
Scrolls
 d - a scroll of teleportation {unknown}
Potions
 e - a potion of berserk rage {unknown}
Books
 b - a book of Conjurations

   Spells                             Type                      Level
   a - Magic Dart                     Conjuration                  1
   b - Searing Ray                    Conjuration                  2
   c - Dazzling Spray                 Conjuration/Hexes            3
   d - Fulminant Prism                Conjuration/Hexes            4
   e - Iskenderun's Mystic Blast      Conjuration                  4
   f - Iskenderun's Battlesphere      Conjuration/Charms           5
Comestibles
 c - a bread ration


   Skills:
 - Level 2.1 Dodging
 - Level 2.1 Stealth
 - Level 2.4 Spellcasting
 + Level 4.4 Conjurations


You had 3 spell levels left.
You knew the following spells:

 Your Spells              Type           Power        Failure   Level  Hunger
a - Magic Dart            Conj           ###.         2%          1    #......


Dungeon Overview and Level Annotations

Branches:
Dungeon (1/15)

Altars:


Message History

Welcome, EnegeticOcto the High Elf Conjurer.
The bosom of this dungeon contains the fabled artefact, the Orb of Zot.
Press ? for a list of commands and other information.
Found a scroll labeled EZOQUNG QULAUTU.
Found a staircase leading out of the dungeon.
d - a scroll labeled EZOQUNG QULAUTU
There is a staircase leading out of the dungeon here.
e - a bubbling golden potion A hobgoblin comes into view.
Casting: Magic Dart
Confirm with . or Enter, or press ? or * to list all spells.
Aiming: Magic Dart
Press: ? - help, Shift-Dir - straight line, f - hobgoblin
Aim: a hobgoblin (resting)
The magic dart hits the hobgoblin.
The hobgoblin shouts!
You hear a bark!
Casting: Magic Dart
Confirm with . or Enter, or press ? or * to list all spells.
Aiming: Magic Dart
Press: ? - help, Shift-Dir - straight line, f/p - hobgoblin
Aim: a hobgoblin The magic dart hits the hobgoblin.
The hobgoblin is almost dead.
Casting: Magic Dart
Confirm with . or Enter, or press ? or * to list all spells.
Aiming: Magic Dart
Press: ? - help, Shift-Dir - straight line, f/p - hobgoblin
Aim: a hobgoblin (almost dead)
You miscast Magic Dart.
You are very lightly contaminated with residual magic.
Nothing appears to happen.
The hobgoblin barely misses you.
Casting: Magic Dart
Confirm with . or Enter, or press ? or * to list all spells.
Aiming: Magic Dart
Press: ? - help, Shift-Dir - straight line, f/p - hobgoblin
Aim: a hobgoblin (almost dead)
The magic dart hits the hobgoblin.
You kill the hobgoblin!
A jackal comes into view.
The jackal barely misses you. The jackal bites you.
The jackal bites you but does no damage.
A jackal comes into view.
The jackal barks!
The jackal closely misses you. The jackal barely misses you.
The jackal bites you. The jackal barely misses you.
The jackal bites you but does no damage.
The jackal bites you.
The jackal bites you but does no damage.
The jackal bites you. The jackal misses you. The jackal misses you.
The jackal closely misses you.
The jackal bites you but does no damage.
The jackal closely misses you.
The jackal bites you but does no damage.
The jackal closely misses you. The jackal bites you.
* * * LOW HITPOINT WARNING * * *
The jackal barely misses you. The jackal closely misses you.
The jackal bites you.
* * * LOW HITPOINT WARNING * * *
The jackal closely misses you.
The jackal bites you but does no damage.
The jackal bites you but does no damage.
The jackal closely misses you. The jackal barely misses you.
The jackal closely misses you. The jackal misses you. The jackal misses you.
The jackal bites you but does no damage.
The jackal bites you.
You die...

### # #.. #.#.#
.#.## ... #
#.###.##..
#####h#.......
#....h@....... ♣♣♣♣
♣♣♣♣♣#.#####.#.###.
...♣♣♣..♣...# .#
.<....♣♣.♣### .#
...♣♣♣♣♣♣♣ .# ♣♣♣♣
.. ##


You could see 2 jackals.

Vanquished Creatures
  A hobgoblin (D:1)
1 creature vanquished.

Notes
Turn   | Place    | Note
-------+----------+-------------------------------------------
     0 | D:1      | EnegeticOcto the High Elf Conjurer began the quest for the Orb.
     0 | D:1      | Reached XP level 1. HP: 11/11 MP: 4/4
    36 | D:1      | Slain by a jackal

Action                   || total
-------------------------++-------
 Cast: Magic Dart        ||     3
Armor: Robe              ||     8
Dodge: Dodged            ||    18
